 Dungeon Crawl Stone Soup version 0.27.1 (webtiles) character file.

Game seed: 17028129813748454703

40 Ishikawa the Skirmisher (level 3, -1/29 HPs)
             Began as a Demonspawn Fighter on Aug 27, 2021.
             Succumbed to an adder's poison
             ... on level 2 of the Dungeon.
             The game lasted 00:02:56 (1651 turns).

Ishikawa the Skirmisher (Demonspawn Fighter)        Turns: 1651, Time: 00:02:57

Health: -1/29      AC:  6    Str: 16    XL:     3   Next: 30%
Magic:  3/3        EV:  7    Int: 10    God:
Gold:   7          SH: 12    Dex: 12    Spells: 2/2 levels left

rFire    . . .     SeeInvis .   a - +0 long sword
rCold    . . .     Faith    .   c - +0 kite shield
rNeg     . . .     Spirit   .   b - +0 scale mail
rPois    .         Reflect  .   (no helmet)
rElec    .         Harm     .   (no cloak)
rCorr    .         Rampage  .   (no gloves)
Will     .....                  (no boots)
Stlth    +.........             (no amulet)
HPRegen  0.09/turn              (no ring)
MPRegen  0.08/turn              (no ring)

@: lethally poisoned (-1 -> -6)
A: sturdy frame 1, condensation shield
a: no special abilities


You were on level 2 of the Dungeon.
You visited 1 branch of the dungeon, and saw 2 of its levels.

You collected 67 gold pieces.
You spent 60 gold pieces at shops.

Inventory:

Hand Weapons
 a - a +0 long sword (weapon)
 i - a +1 short sword of speed
Armour
 b - a +0 scale mail (worn)
 c - a +0 kite shield (worn)
Scrolls
 f - a scroll of identify {unknown}
 g - a scroll of enchant weapon {unknown}
 h - a scroll of blinking {unknown}
 l - a scroll of acquirement {unknown}
Potions
 d - a potion of might
 e - a potion of curing {unknown}
 j - a potion of heal wounds
 k - a potion of mutation {unknown}


   Skills:
 * Level 3.2 Fighting
 * Level 2.0 Long Blades
 * Level 3.1 Armour
 * Level 0.4 Dodging
 * Level 0.8 Stealth
 * Level 2.9 Shields
 * Level 0.4 Spellcasting


You had 2 spell levels left.
You didn't know any spells.
Your spell library contained the following spells:

 Spells                   Type           Power      Damage    Failure   Level
 Dazzling Flash           Conj/Hex       0%         N/A       100%        3
 Agony                    Necr           0%         N/A       100%        5
 Silence                  Hex/Air        0%         N/A       100%        5


Dungeon Overview and Level Annotations

Branches:
Dungeon (2/15)

Altars:

Shops:
D:2 !

Annotations:
D:2 Sigmund


Innate Abilities, Weirdness & Mutations

Your movements are slightly less encumbered by armour. (ER -2)
A meltable shield of frost defends you. (SH +4)


Message History

You are poisoned.
The adder poisons you!
An adder comes into view.
You miss the adder.
You feel sick.
The adder hisses angrily.
The adder bites you but does no damage. x2; The adder bites you.
You barely miss the adder.
You feel sick.
You are no longer poisoned.
You block the adder's attack.
A goblin comes into view. It is wielding a +0 club.
The adder bites you.
You are poisoned.
The adder poisons you!
The goblin shouts!
You slash the adder!
The adder is almost dead.
You feel very sick.
You hear a shout!
The adder bites you.
* * * LOW HITPOINT WARNING * * *
You are lethally poisoned!
The adder poisons you!
Sigmund the Dreaded comes into view.
He is wielding a +0 scythe.
You block the adder's attack.
* * * LOW HITPOINT WARNING * * *
You feel sick.
* * * LOW HITPOINT WARNING * * *
You feel sick. The adder bites you but does no damage.
You slash the adder!
You kill the adder!
* * * LOW HITPOINT WARNING * * *
You feel very sick.
Sigmund screams, "Die, monster!"
Sigmund mumbles some strange words.
Sigmund flickers and vanishes!
Deactivating autopickup; reactivate with Ctrl-A.
The adder bites you but does no damage. You block the adder's attack.
You hit the adder.
The adder is heavily wounded.
You die...

########..#########......
#...........# #......
#.....#####.# #..(...
######.....# #......
#....'.....#
#.####.....#####+###
#.............#
#.###.........# #.#
#@........# #.#
#S........# #.#
#.........#
#.............#
#####.g.......#
...........#
###.........# ##.....####
#.....#


You could see an adder and a goblin.

Vanquished Creatures
  An adder (D:2)
  A worm (D:2)
  A dart slug (D:1)
  3 ball pythons (D:1)
  4 endoplasms (D:1)
  5 giant cockroaches (D:1)
  2 goblins
  2 hobgoblins (D:1)
  A quokka (D:1)
  A kobold (D:1)
  2 rats
23 creatures vanquished.

Notes
Turn   | Place    | Note
-------+----------+-------------------------------------------
     0 | D:1      | Ishikawa the Demonspawn Fighter began the quest for the
                  | Orb.
     0 | D:1      | Reached XP level 1. HP: 18/18 MP: 1/1
   180 | D:1      | Gained mutation: Your movements are slightly less
                  | encumbered by armour. (ER -2) [demonic ancestry]
   180 | D:1      | Reached XP level 2. HP: 24/24 MP: 2/2
   213 | D:1      | Found a faded altar of an unknown god.
  1515 | D:2      | Gained mutation: A meltable shield of frost defends you.
                  | (SH +4) [demonic ancestry]
  1515 | D:2      | Reached XP level 3. HP: 24/29 MP: 3/3
  1615 | D:2      | Found Koyzu's Distillery.
  1623 | D:2      | Bought a potion of heal wounds for 60 gold pieces
  1647 | D:2      | Noticed Sigmund
  1650 | D:2      | HP: 1/29 [poisoned by an adder]
  1651 | D:2      | Succumbed to an adder's poison

Illustrated notes

Levels and vault maps discovered:
D:1:      amcnicky_arrival_abandoned_market, layout_loops_ring,
          shapermc_ecumenical_altar_totnotflames, columned_hall_lemuel,
          lemuel_flame_loot_1
D:2:      layout_basic, serial_shops, nicolae_shop_crystal,
          lexackson_kobold_supper, uniq_sigmund, uniq_terence

Skill      XL: |  1  2 |
---------------+-------+-----
Armour         | 3 |  3.1
Long Blades    | 2 |  2.0
Fighting       | |  3.2
Dodging        | |  0.4
Stealth        | |  0.8
Shields        | |  2.9
Spellcasting   | |  0.4

Action                   || total
-------------------------++-------
Melee: Long sword        ||    69
Armor: Scale mail        ||    29
Dodge: Dodged            ||    16
Block: Kite shield       ||    29
       Rpst.: Long sword ||     4
